 Dungeon Crawl Stone Soup version 0.20-a0-941-gba1b1f9 (webtiles) character file.

17605 tarabluh the Summoner (level 12, -2/100 HPs)
             Began as a Purple Draconian Summoner on Mar 31, 2017.
             Was a High Priest of Sif Muna.
             Killed from afar by a deep elf mage (16 damage)
             ... with a bolt of fire
             ... on level 12 of the Dungeon.
             The game lasted 00:51:22 (17112 turns).

tarabluh the Summoner (Purple Draconian Summoner)  Turns: 17112, Time: 00:51:23

Health: -2/100     AC: 14    Str: 11    XL:     12   Next: 20%
Magic:  18/26      EV: 15    Int: 19    God:    Sif Muna [*****.]
Gold:   763        SH:  4    Dex: 11    Spells: 10/31 levels left

rFire    . . .     SeeInvis +   D - +8 dagger (elec)
rCold    + . .     Gourm    .   h - +0 buckler
rNeg     . . .     Faith    .   (armour unavailable)
rPois    +         Spirit   .   N - +2 hat
rElec    .         Reflect  .   H - scarf {rC+}
rCorr    .         Harm     .   q - +0 pair of gloves
MR       +....                  l - +2 pair of boots
Stlth    +.........             (no amulet)
Regen    0.3/turn               S - +3 ring of slaying
MPRegen  0.2/turn               W - ring of poison resistance

@: liquid flames, short of breath, glowing, divine energy
A: breathe power, unfitting armour, see invisible, dopey 1, evolution 1,
cold-blooded, AC +8
a: Breathe Dispelling Energy, Stop Divine Energy, Channel Magic, Forget Spell,
Renounce Religion


You were on level 12 of the Dungeon.
You worshipped Sif Muna.
Sif Muna was extremely pleased with you.
You were hungry.

You visited 2 branches of the dungeon, and saw 13 of its levels.
You also visited: Sewer and Bailey.

You collected 763 gold pieces.

Inventory:

Hand Weapons
 D - a +8 dagger of electrocution (weapon)
Missiles
 a - 7 javelins
 F - 24 tomahawks of returning (quivered)
Armour
 h - a +0 buckler (worn)
 l - a +2 pair of boots (worn)
 q - a +0 pair of gloves (worn)
 H - a scarf of cold resistance (worn)
 N - a +2 hat (worn)
Magical Staves
 V - an uncursed staff of cold
Jewellery
 j - an uncursed ring of fire
 o - an uncursed ring of flight
 S - a +3 ring of slaying (left hand)
 W - a ring of poison resistance (right hand)
 Y - an uncursed ring of see invisible
Wands
 k - a wand of iceblast (7/15)
 B - a wand of digging (6/24)
 J - a wand of flame (27/48)
 P - a wand of paralysis (13/24)
 U - a wand of confusion (29/48)
 X - a wand of lightning (8/15)
Scrolls
 c - 5 scrolls of fog
 d - 7 scrolls of remove curse
 e - a scroll of torment {unknown}
 g - a scroll of enchant weapon
 n - a scroll of magic mapping {unknown}
 r - 2 scrolls of recharging {unknown}
 t - 3 scrolls of teleportation
 u - a scroll of blinking
 y - 2 scrolls of amnesia {unknown}
 z - a scroll of summoning {unknown}
 A - 2 scrolls of vulnerability {unknown}
 E - a scroll of silence {unknown}
 K - 3 scrolls of enchant armour {unknown}
 M - 2 scrolls of noise {unknown}
 Q - a scroll of fear {unknown}
Potions
 f - 4 potions of flight
 s - 2 potions of mutation
 v - a potion of might
 w - a potion of berserk rage
 x - 2 potions of heal wounds
 C - 3 potions of lignification
 I - 2 potions of magic
 L - 5 potions of curing
 R - a potion of brilliance
 Z - a potion of invisibility {unknown}
Miscellaneous
 G - a sack of spiders
 T - a crystal ball of energy
Comestibles
 b - 7 bread rations
 m - 4 meat rations
 p - 5 royal jellies
 O - 4 fruits


   Skills:
 - Level 7.4 Fighting
 - Level 6.8 Short Blades
 - Level 6.5 Dodging
 - Level 1.7 Stealth
 - Level 4.3 Shields
 + Level 10.2 Spellcasting
 + Level 13.5 Summonings
 - Level 2.4 Ice Magic
 - Level 2.4 Air Magic


You had 10 spell levels left.
You knew the following spells:

 Your Spells              Type           Power        Failure   Level  Hunger
a - Summon Small Mammal   Summ           ####         1%          1    None
b - Call Imp              Summ           ######..     1%          2    None
c - Call Canine Familiar  Summ           ######..     1%          3    None
d - Summon Guardian Gole  Hex/Summ       #####...     1%          3    None
e - Summon Ice Beast      Ice/Summ       #####...     2%          4    ##.....
f - Summon Lightning Spi  Summ/Air       #####...     2%          4    ##.....
g - Mephitic Cloud        Conj/Pois/Air  ##......     17%         3    None
h - Animate Skeleton      Necr           N/A          10%         1    None


Dungeon Overview and Level Annotations

Branches:
Dungeon (12/15)            Temple (1/1) D:7            Lair (0/6) D:10
    Orc (0/2) D:10

Altars:
Ashenzari
Cheibriados
Dithmenos
Elyvilon
Fedhas
Gozag
Hepliaklqana
Kikubaaqudgha
Makhleb
Nemelex Xobeh
Okawaru
Qazlal
Ru
Sif Muna
Trog
Uskayaw
Vehumet
Wu Jian
Xom
Yredelemnul
Zin
The Shining One

Shops:
D:10 (

Annotations:
D:4 exclusion: centaur


Innate Abilities, Weirdness & Mutations

You can breathe bolts of dispelling energy.
Your rich purple scales are hard. (AC +8)
You cannot fit into any form of body armour.
You are cold-blooded and may be slowed by cold attacks.
You have supernaturally acute eyesight. (SInv)
You are dopey. (Int -2)
You evolve.


Message History

You hit the deep elf mage.
The deep elf mage is almost dead.
The deep elf mage hits you but does no damage.
The deep elf mage casts a spell at you. The sticky flame hits you!
You are covered in liquid flames!
* * * LOW HITPOINT WARNING * * *
The fire elemental hits you. The fire elemental burns you!
* * * LOW HITPOINT WARNING * * *
You block the fire elemental's attack.
Okay, then.
As you read the scroll labeled OVVUKHAOLO, it crumbles to dust.
The creatures around you are filled with an inner flame!
It was a scroll of immolation.
You are covered in liquid flames!
* * * LOW HITPOINT WARNING * * *
Your ice beast barely misses the deep elf mage.
The deep elf mage gestures at you while chanting.
The bolt of fire hits you!
You die...

....##.#...#.#
######†#)..#.# ...
#.##.....
....##)######
......)..#
.........###
...........#######
....######.....EE#
.... #######@## ###
#e8# ##Y## #†8#
##)# .# #.# .. #.#
##.########.#
#..................


You could see a deep elf mage (inner flame), 2 fire elementals, a friendly
guardian golem, a friendly ice beast and a friendly lightning spire.

Vanquished Creatures
  A two-headed ogre (D:12)
  Urug (D:10)
  A deep elf mage (D:12)
  Pikel (D:4)
  An orc knight (Bailey)
  2 ugly things (D:11)
  2 cyclopes (D:12)
  A hornet (D:10)
  2 trolls
  4 hippogriffs
  A spriggan (D:7)
  6 yaks (D:12)
  3 fire bats (D:8)
  5 wraiths
  2 wyverns
  A hungry ghost (D:11)
  A steam dragon (D:12)
  A water moccasin (D:11)
  An ice beast (D:5)
  6 orc warriors
  2 sky beasts
  A black bear (D:6)
  A necrophage (D:12)
  An eye of draining (D:12)
  5 ogres
  2 phantoms
  4 centaurs
  A crocodile (D:11)
  7 bullfrogs
  A scorpion (D:9)
  3 killer bees
  3 howler monkeys
  8 wights
  An electric eel (D:8)
  8 crimson imps
  A bullfrog zombie (D:8)
  12 hounds
  3 bullfrog skeletons
  2 jellies
  4 centaur skeletons
  3 orc priests
  An iguana (D:7)
  An orc wizard (D:11)
  Ijyb (D:5)
  5 worker ants
  A worker ant zombie (D:6)
  9 adders
  4 gnolls
  A howler monkey skeleton (D:7)
  3 shadow imps
  2 oozes
  2 adder zombies
  An adder skeleton (D:4)
  2 worms (D:9)
  2 dart slugs
  7 leopard geckos
  30 orcs
  3 ball pythons
  16 bats
  8 giant cockroaches
  6 goblins
  11 hobgoblins
  7 jackals
  9 kobolds
  8 quokkas
  A frilled lizard (D:1)
  9 rats
266 creatures vanquished.

Vanquished Creatures (collateral kills)
  Snorg (D:12)
  Fannar (D:11)
  A flayed ghost (D:8)
  A moth of wrath (D:9)
  3 deep elf magi (D:12)
  3 slime creatures (D:12)
  Sigmund (D:5)
  4 wraiths
  9 yaks (D:12)
  A fire bat (D:8)
  The ghost of eyesnoeyes the Bolt Thrower, an amateur MiHu (D:3)
  An acid dragon (D:10)
  2 sky beasts
  An orc warrior (D:8)
  2 black bears
  2 necrophages
  3 ogres
  A big kobold (D:8)
  2 bullfrogs
  6 killer bees
  2 electric eels (D:10)
  A crimson imp (D:4)
  A quasit (D:12)
  4 hounds
  3 orc wizards
  An orc priest (D:11)
  A worker ant (D:4)
  A killer bee zombie (D:5)
  A worker ant zombie (D:10)
  3 gnolls
  7 adders
  3 worms
  2 adder skeletons (D:4)
  A dart slug (D:3)
  3 leopard geckos
  15 orcs
  A giant cockroach (Sewer)
  2 hobgoblins
  6 jackals
  4 quokkas
  3 ball pythons
  5 bats
  2 frilled lizards
  4 goblins
  19 kobolds
  2 rats
143 creatures vanquished.

Vanquished Creatures (others)
  Gastronok (D:8)
  A hound (D:10)
  A hound skeleton (D:4)
  An adder (D:10)
4 creatures vanquished.

Grand Total: 413 creatures vanquished

Notes
Turn   | Place    | Note
-------+----------+-------------------------------------------
     0 | D:1      | tarabluh the Draconian Summoner began the quest for the Orb.
     0 | D:1      | Reached XP level 1. HP: 14/14 MP: 3/3
   255 | D:1      | Reached XP level 2. HP: 15/20 MP: 5/5
   426 | D:1      | Learned a level 2 spell: Call Imp
   865 | D:1      | Reached skill level 1 in Shields
   998 | D:1      | Reached XP level 3. HP: 22/26 MP: 6/6
  1742 | D:2      | Reached XP level 4. HP: 23/33 MP: 2/7
  1899 | D:2      | Learned a level 3 spell: Call Canine Familiar
  3624 | D:3      | Found a hide-covered altar of Uskayaw.
  3647 | D:3      | Found a white marble altar of Elyvilon.
  3856 | D:3      | Found a glowing drain.
  3944 | Sewer    | Entered a sewer
  4044 | Sewer    | Reached XP level 5. HP: 33/38 MP: 8/8
  4802 | D:3      | Noticed eyesnoeyes's ghost (amateur MiHu)
  4869 | D:3      | Killed eyesnoeyes's ghost
  5388 | D:3      | Learned a level 3 spell: Summon Guardian Golem
  5459 | D:4      | Reached skill level 5 in Summonings
  5480 | D:4      | Reached XP level 6. HP: 45/45 MP: 6/10
  5534 | D:4      | Noticed a slave
  5535 | D:4      | Noticed a slave
  5537 | D:4      | Noticed Pikel
  6158 | D:4      | Noticed a slave
  6177 | D:4      | Noticed a slave
  6210 | D:4      | Killed Pikel
  6210 | D:4      | Reached skill level 6 in Summonings
  6210 | D:4      | Your scales start taking on a rich purple colour.
  6210 | D:4      | Reached skill level 5 in Spellcasting
  6210 | D:4      | Reached XP level 7. HP: 23/50 MP: 3/15
  6556 | D:5      | Entered Level 5 of the Dungeon
  6616 | D:5      | Found an ornate altar of the Wu Jian Council.
  6703 | D:5      | Noticed Ijyb
  6721 | D:5      | Killed Ijyb
  7109 | D:5      | You fall through a shaft for 3 floors!
  7267 | D:7      | Reached XP level 8. HP: 73/73 MP: 17/17
  7421 | D:7      | Found a shattered altar of Ashenzari.
  7530 | D:7      | Found a flagged portal.
  7549 | D:7      | Got a crystal hand axe
  7577 | D:7      | Reached skill level 7 in Summonings
  7596 | Bailey   | Entered a bailey
  7597 | Bailey   | Identified the +5 hand axe "Vuneh" {holy, Dex+4} (You found it on level 7 of the Dungeon)
  7672 | Bailey   | Learned a level 4 spell: Summon Ice Beast
  7677 | Bailey   | Learned a level 4 spell: Summon Lightning Spire
  7688 | Bailey   | Reached XP level 9. HP: 69/79 MP: 4/18
  7726 | Bailey   | Reached skill level 1 in Ice Magic
  7726 | Bailey   | Reached skill level 1 in Air Magic
  7730 | Bailey   | Noticed an orc knight
  7755 | Bailey   | Killed an orc knight
  8153 | D:7      | Found a staircase to the Ecumenical Temple.
  8160 | Temple   | Entered the Ecumenical Temple
  8226 | Temple   | Became a worshipper of Sif Muna the Loreminder
  8767 | D:7      | Reached skill level 8 in Summonings
  9294 | D:6      | Found a blossoming altar of Fedhas.
  9320 | D:5      | Learned a level 3 spell: Mephitic Cloud
  9360 | D:5      | Found an ancient bone altar of Kikubaaqudgha.
  9726 | D:5      | Noticed Sigmund
  9739 | D:5      | Killed Sigmund
 10018 | D:6      | Reached * piety under Sif Muna
 10028 | D:6      | Reached skill level 9 in Summonings
 10028 | D:6      | Reached XP level 10. HP: 77/86 MP: 17/19
 10642 | D:8      | Noticed Gastronok
 10667 | D:8      | Killed Gastronok
 10958 | D:8      | Reached skill level 10 in Summonings
 11230 | D:8      | Found a runed door.
 11280 | D:8      | Found an opulent altar of Gozag.
 11365 | D:8      | Found a basalt altar of Yredelemnul.
 11383 | D:8      | Found an iron altar of Okawaru.
 11406 | D:8      | Reached ** piety under Sif Muna
 11465 | D:8      | Found a hazy altar of Hepliaklqana.
 11475 | D:8      | Found a sparkling altar of Nemelex Xobeh.
 11763 | D:8      | Found a hazy altar of Hepliaklqana.
 11800 | D:8      | Noticed a flayed ghost
 11810 | D:8      | Killed a flayed ghost
 11819 | D:8      | Got an iridescent flail
 11820 | D:8      | Identified Moots's Grimoire of the Poisonous Glacier
 11891 | D:8      | Identified the +3 flail "Atuxis" {drain, rPois Str-5 Dex+2} (You found it on level 8 of the Dungeon)
 12015 | D:9      | Reached skill level 11 in Summonings
 12601 | D:9      | Noticed a moth of wrath
 12604 | D:9      | Found a bloodstained altar of Trog.
 12649 | D:9      | Killed a moth of wrath
 12808 | D:10     | Entered Level 10 of the Dungeon
 12808 | D:10     | Noticed Urug
 12834 | D:10     | Killed Urug
 12868 | D:10     | Reached XP level 11. HP: 91/92 MP: 7/20
 12887 | D:10     | Learned a level 1 spell: Animate Skeleton
 13234 | D:10     | Found a staircase to the Orcish Mines.
 13723 | D:10     | Found a staircase to the Lair.
 14254 | D:10     | Reached *** piety under Sif Muna
 14254 | D:10     | Reached skill level 12 in Summonings
 14351 | D:10     | Found Saif's Weapon Boutique.
 15043 | D:11     | Noticed Fannar
 15072 | D:11     | Killed Fannar
 15277 | D:11     | Noticed a brown ugly thing
 15320 | D:11     | Killed a brown ugly thing
 15323 | D:11     | Gained mutation: You have a pair of small horns on your head. [mutagenic meat]
 15324 | D:11     | Gained mutation: You have a pair of horns on your head. [mutagenic meat]
 15325 | D:11     | Gained mutation: You tend to lose your temper in combat. [mutagenic meat]
 15326 | D:11     | Gained mutation: You have sharp toenails. [mutagenic meat]
 15327 | D:11     | Lost mutation: You have a pair of horns on your head. [potion of mutation]
 15327 | D:11     | Lost mutation: You have sharp toenails. [potion of mutation]
 15327 | D:11     | Lost mutation: You have a pair of small horns on your head. [potion of mutation]
 15327 | D:11     | Lost mutation: You tend to lose your temper in combat. [potion of mutation]
 15327 | D:11     | Gained mutation: You evolve. [potion of mutation]
 15327 | D:11     | Gained mutation: You have supernaturally acute eyesight. (SInv) [potion of mutation]
 15402 | D:11     | Gained mutation: You are dopey. (Int -2) [evolution]
 15426 | D:11     | Noticed a purple ugly thing
 15436 | D:11     | Killed a purple ugly thing
 15619 | D:12     | Reached **** piety under Sif Muna
 15654 | D:12     | Noticed a deep elf mage
 15654 | D:12     | Noticed a deep elf mage
 15655 | D:12     | Noticed a deep elf mage
 15658 | D:12     | Noticed a soul eater
 15662 | D:12     | Killed a deep elf mage
 15688 | D:12     | Killed a deep elf mage
 15689 | D:12     | Killed a deep elf mage
 15857 | D:12     | Noticed a deep elf mage
 15863 | D:12     | Noticed a two-headed ogre
 15916 | D:12     | Killed a two-headed ogre
 15920 | D:12     | Reached skill level 13 in Summonings
 16173 | D:12     | Reached XP level 12. HP: 55/100 MP: 2/25
 16713 | D:12     | Noticed Snorg
 16741 | D:12     | Killed Snorg
 16741 | D:12     | Reached skill level 10 in Spellcasting
 17007 | D:12     | Reached ***** piety under Sif Muna
 17105 | D:12     | Identified Sif Muna's Incunabulum of Flamy Creation (Sif Muna gifted it to you on level 12 of the Dungeon)
 17105 | D:12     | Received a gift from Sif Muna
 17112 | D:12     | Killed from afar by a deep elf mage

Vault maps used:
D:1:      co_arrival_square_in_a_square_in_a_square, corexii_corridor_pit,
          minivault_25, st_stairs_6
D:2:      first_bread
D:3:      nicolae_overflow_crystal_walls, gup_sewer_entry_spiral,
          elyvilon_altar_1
D:4:      minmay_item_behind_shaft, uniq_pikel
D:5:      wad_crossroads, kiku_gazebo_garden_becter, kennysheep_mini,
          nicolae_underground_beach, uniq_iyjb, uniq_sigmund
D:6:      fedhas_bush_and_centaur_altar, st_stairs_11
D:7:      ashenzari_altar_1, minmay_temple_entry_overgrown, enter_bailey_2,
          grunt_decor_one_mirror, the_bakery, minmay_guarded_unrand_finisher
D:8:      due_megacathedral, minmay_bent, uniq_gastronok
D:9:      tgw_trog
D:10:     erik_lair_island, serial_shops, nicolae_shop_behind_doors,
          minivault_5, uniq_urug
D:11:     uniq_fannar
D:12:     minmay_elf_outpost, uniq_harold, uniq_snorg
Temple:   kb_temple_of_zot
Sewer:    sewer_fruit_machine
Bailey:   bailey_axe_1, bailey

Skill      XL: |  1  2  3  4  5  6  7  8  9 10 11 12 |
---------------+-------------------------------------+-----
Shields        | 1 3 4 |  4.3
Spellcasting   | 3 5 6 9 10 | 10.2
Summonings     | 5 6 7 9 11 13 | 13.5
Fighting       | 7 |  7.4
Short Blades   | 6 |  6.8
Dodging        | 6 |  6.5
Ice Magic      | 2 |  2.4
Air Magic      | 2 |  2.4
Stealth        | |  1.7

Action                   |  1- 3 |  4- 6 |  7- 9 | 10-12 || total
-------------------------+-------+-------+-------+-------++-------
Melee: Dagger            |   101 |   408 |   170 |   490 ||  1169
       Unarmed           |    13 |       |       |       ||    13
       Tailslap          |    10 |    28 |    14 |    46 ||    98
       Whip              |       |       |     6 |       ||     6
 Cast: Summon Small Mamm |    38 |    28 |     7 |     3 ||    76
       Call Imp          |     3 |    49 |    51 |    16 ||   119
       Call Canine Famil |       |     5 |    16 |    13 ||    34
       Summon Guardian G |       |       |     6 |    19 ||    25
       Summon Ice Beast  |       |       |     5 |    35 ||    40
       Summon Lightning  |       |       |     4 |    28 ||    32
       Mephitic Cloud    |       |       |       |     2 ||     2
       Animate Skeleton  |       |       |       |     6 ||     6
Invok: Divine Energy     |       |       |     1 |     1 ||     2
       Stop Divine Energ |       |       |       |     1 ||     1
 Abil: Breathe Dispellin |       |       |     2 |     1 ||     3
Evoke: Wand              |       |       |       |     1 ||     1
  Use: Scroll            |       |       |    11 |     9 ||    20
       Potion            |       |       |     3 |     1 ||     4
 Stab: Sleeping          |     3 |     3 |     3 |     4 ||    13
       Distracted        |       |     3 |     1 |     2 ||     6
       Confused          |       |       |       |     1 ||     1
  Eat: Chunk             |     3 |    14 |    10 |    32 ||    59
       Bread ration      |       |     1 |     1 |       ||     2
       Fruit             |       |       |     1 |       ||     1
       Royal jelly       |       |       |       |     1 ||     1
Armor: Skin              |    29 |   160 |    56 |   115 ||   360
Dodge: Dodged            |    83 |   368 |   140 |   272 ||   863
Block: Buckler           |       |    15 |    41 |    60 ||   116
